BSA
SAN FRANCISCO BANDITS @ GREENVILLE 84S
05/02/2028
 
TOP OF THE 1ST
San Francisco Bandits batting - Pitching for Greenville 84s : RHP Tomás González
Pitching: RHP Tomás González
Batting: RHB Raúl Bruno 0-0: Called Strike
0-1: Foul Ball, location: 2F
0-2: Foul Ball, location: 2F
0-2: SINGLE (Flyball, 6MD)
Batting: RHB Cory Foster 0-0: Called Strike
0-1: Ball
1-1: Ball
2-1: Fielders Choice at 2nd, 6-4 (Groundball, 6)
Batting: RHB Owen Carter 0-0: Ball
1-0: Ball
2-0: TRIPLE (Flyball, 89XD)
Cory Foster scores
Batting: LHB Alberto Gómez 0-0: Ground out U3 (Groundball, 3)
Batting: RHB Michael Elliott 0-0: Ball
1-0: Swinging Strike
1-1: Foul Ball, location: 2F
1-2: SINGLE (Line Drive, 8RS)
Owen Carter scores
Batting: RHB Ramón Ruíz 0-0: Fielders Choice at 2nd, 6-4 (Groundball, 6)
Top of the 1st over - 2 run(s), 3 hit(s), 0 error(s), 0 left on base; San Francisco 2 - Greenville 0
BOTTOM OF THE 1ST
Greenville 84s batting - Pitching for San Francisco Bandits : LHP Manuel Rodríguez
Pitching: LHP Manuel Rodríguez
Batting: RHB Felipe Rego 0-0: Foul Ball, location: 2F
0-1: Ball
1-1: Ball
2-1: SINGLE (Groundball, 6D)
Batting: LHB Chris Moore 0-0: Called Strike
0-1: Called Strike
0-2: Strikes out looking
Batting: RHB Enzo Díaz 0-0: Called Strike
0-1: DOUBLE (Line Drive, 89D)
Felipe Rego to third
Batting: LHB Brock Larsen 0-0: Ball
1-0: Called Strike
1-1: Swinging Strike
1-2: Ball
2-2: SINGLE (Line Drive, 6D)
Felipe Rego scores
Enzo Díaz to third
Batting: LHB Paco Rosas 0-0: SINGLE (Line Drive, 8RM)
Enzo Díaz scores
Brock Larsen to second
Batting: LHB Jimmy Vickers 0-0: Foul Ball, location: 2F
0-1: Swinging Strike
0-2: Ball
1-2: 3-RUN HOME RUN (Flyball, 78XD), Distance : 397 ft
Batting: RHB Vic Langlois 0-0: Called Strike
0-1: Ball
1-1: Fly out, F2 (Popup, 4S)
Batting: LHB Robert Moore 0-0: Called Strike
0-1: Ball
1-1: Foul Ball, location: 2F
1-2: Reached on error, E4 (Groundball, 34D)
Batting: RHB Dan Hooper 0-0: Called Strike
0-1: Ground out 5-3 (Groundball, 56S)
Bottom of the 1st over - 5 run(s), 5 hit(s), 1 error(s), 1 left on base; San Francisco 2 - Greenville 5
TOP OF THE 2ND
San Francisco Bandits batting - Pitching for Greenville 84s : RHP Tomás González
Batting: RHB Gustavo Ortíz 0-0: Ball
1-0: Called Strike
1-1: Ball
2-1: Ground out 3-1 (Groundball, 2R)
Batting: RHB Scott Merritt 0-0: Ball
1-0: Fly out, F8 (Flyball, 8RXD)
Batting: RHB José Hernández 0-0: Called Strike
0-1: Called Strike
0-2: Ball
1-2: Ball
2-2: Strikes out looking
Top of the 2nd over - 0 run(s), 0 hit(s), 0 error(s), 0 left on base; San Francisco 2 - Greenville 5
BOTTOM OF THE 2ND
Greenville 84s batting - Pitching for San Francisco Bandits : LHP Manuel Rodríguez
Batting: RHB Felipe Rego 0-0: Ground out 4-3 (Groundball, 34)
Batting: LHB Chris Moore 0-0: Foul Ball, location: 2F
0-1: Ball
1-1: Ball
2-1: Foul Ball, location: 2F
2-2: Foul Ball, location: 2F
2-2: SINGLE (Groundball, 6MD)
Batting: RHB Enzo Díaz 0-0: Ball
1-0: Fly out, F8 (Flyball, 89M)
Batting: LHB Brock Larsen 0-0: Ball
1-0: Called Strike
1-1: Ground out 6-3 (Groundball, 6S)
Bottom of the 2nd over - 0 run(s), 1 hit(s), 0 error(s), 1 left on base; San Francisco 2 - Greenville 5
TOP OF THE 3RD
San Francisco Bandits batting - Pitching for Greenville 84s : RHP Tomás González
Batting: RHB Raúl Bruno 0-0: Ball
1-0: Ground out 5-3 (Groundball, 5)
Batting: RHB Cory Foster 0-0: Called Strike
0-1: Ball
1-1: Ball
2-1: Called Strike
2-2: Ball
3-2: Strikes out looking
Batting: RHB Owen Carter 0-0: Foul Ball, location: 2F
0-1: Ball
1-1: Foul Ball, location: 2F
1-2: Ball
2-2: Ground out 5-3 (Groundball, 5)
Top of the 3rd over - 0 run(s), 0 hit(s), 0 error(s), 0 left on base; San Francisco 2 - Greenville 5
BOTTOM OF THE 3RD
Greenville 84s batting - Pitching for San Francisco Bandits : LHP Manuel Rodríguez
Batting: LHB Paco Rosas 0-0: Ball
1-0: Foul Ball, location: 2F
1-1: SINGLE (Line Drive, 7LS)
Batting: LHB Jimmy Vickers 0-0: Foul Ball, location: 2F
0-1: Ball
1-1: Foul Ball, location: 2F
1-2: Strikes out swinging
Batting: RHB Vic Langlois 0-0: Called Strike
0-1: Called Strike
0-2: Ball
1-2: Ball
2-2: Foul Ball, location: 2F
2-2: SINGLE (Groundball, 56D)
Paco Rosas to second
Batting: LHB Robert Moore 0-0: Fly out, F4 (Popup, 34)
Batting: RHB Dan Hooper 0-0: Ball
1-0: Ball
2-0: Ball
3-0: Called Strike
3-1: Foul Ball, location: 2F
3-2: Fly out, F9 (Flyball, 9S)
Bottom of the 3rd over - 0 run(s), 2 hit(s), 0 error(s), 2 left on base; San Francisco 2 - Greenville 5
TOP OF THE 4TH
San Francisco Bandits batting - Pitching for Greenville 84s : RHP Tomás González
Batting: LHB Alberto Gómez 0-0: Swinging Strike
0-1: Foul Ball, location: 2F
0-2: Strikes out looking
Batting: RHB Michael Elliott 0-0: Ball
1-0: Ball
2-0: Fly out, F7 (Flyball, 7S)
Batting: RHB Ramón Ruíz 0-0: Called Strike
0-1: Swinging Strike
0-2: Ball
1-2: Strikes out looking
Top of the 4th over - 0 run(s), 0 hit(s), 0 error(s), 0 left on base; San Francisco 2 - Greenville 5
BOTTOM OF THE 4TH
Greenville 84s batting - Pitching for San Francisco Bandits : LHP Manuel Rodríguez
Batting: RHB Felipe Rego 0-0: Ball
1-0: Ball
2-0: Fly out, F7 (Flyball, 7)
Batting: LHB Chris Moore 0-0: Ball
1-0: Ball
2-0: Ball
3-0: Called Strike
3-1: Called Strike
3-2: DOUBLE (Flyball, 78M)
Pinch Runner at 2nd Felipe Rodríguez:
Batting: RHB Enzo Díaz 0-0: Called Strike
0-1: SINGLE (Flyball, 8LS)
Felipe Rodríguez to third
Runner from 3rd tries for Home, SAFE, throw made home
Enzo Díaz to second
Batting: LHB Brock Larsen 0-0: Ball
1-0: Fly out, F7 (Flyball, 7S)
Batting: LHB Paco Rosas 0-0: Foul Ball, location: 2F
0-1: Called Strike
0-2: Ball
1-2: Ball
2-2: Foul Ball, location: 2F
2-2: Ball
3-2: Fly out, F9 (Flyball, 89S)
Bottom of the 4th over - 1 run(s), 2 hit(s), 0 error(s), 1 left on base; San Francisco 2 - Greenville 6
TOP OF THE 5TH
San Francisco Bandits batting - Pitching for Greenville 84s : RHP Tomás González
Now at C: Felipe Rodríguez
Batting: RHB Gustavo Ortíz 0-0: Called Strike
0-1: Ground out 4-3 (Groundball, 34)
Batting: RHB Scott Merritt 0-0: Foul Ball, location: 2F
0-1: Fly out, F8 (Flyball, 89M)
Batting: RHB José Hernández 0-0: Called Strike
0-1: Called Strike
0-2: Ground out 5-3 (Groundball, 56)
Top of the 5th over - 0 run(s), 0 hit(s), 0 error(s), 0 left on base; San Francisco 2 - Greenville 6
BOTTOM OF THE 5TH
Greenville 84s batting - Pitching for San Francisco Bandits : LHP Manuel Rodríguez
Pitching: RHP Felipe Reyes
Batting: LHB Jimmy Vickers 0-0: Called Strike
0-1: Swinging Strike
0-2: Ball
1-2: Fly out, F3 (Line Drive, 34)
Batting: RHB Vic Langlois 0-0: Called Strike
0-1: Swinging Strike
0-2: Ball
1-2: Ball
2-2: Strikes out swinging
Batting: LHB Robert Moore 0-0: Ball
1-0: Swinging Strike
1-1: Ball
2-1: Swinging Strike
2-2: Fly out, F7 (Flyball, 7LM)
Bottom of the 5th over - 0 run(s), 0 hit(s), 0 error(s), 0 left on base; San Francisco 2 - Greenville 6
TOP OF THE 6TH
San Francisco Bandits batting - Pitching for Greenville 84s : RHP Tomás González
Batting: RHB Raúl Bruno 0-0: Fly out, F9 (Flyball, 9D)
Batting: RHB Cory Foster 0-0: Called Strike
0-1: Ball
1-1: Called Strike
1-2: Ball
2-2: Fly out, F5 (Line Drive, 56)
Batting: RHB Owen Carter 0-0: Called Strike
0-1: Called Strike
0-2: Ball
1-2: Ball
2-2: Foul Ball, location: 2F
2-2: SINGLE (Line Drive, 34D)
Batting: LHB Alberto Gómez 0-0: Fly out, F6 (Flyball, 56D)
Top of the 6th over - 0 run(s), 1 hit(s), 0 error(s), 1 left on base; San Francisco 2 - Greenville 6
BOTTOM OF THE 6TH
Greenville 84s batting - Pitching for San Francisco Bandits : RHP Felipe Reyes
Batting: RHB Dan Hooper 0-0: Foul Ball, location: 2F
0-1: Foul Ball, location: 2F
0-2: Ball
1-2: Ball
2-2: Strikes out swinging
Batting: RHB Felipe Rego 0-0: Called Strike
0-1: Ball
1-1: Ground out 6-3 (Groundball, 6M)
Batting: RHB Felipe Rodríguez 0-0: Called Strike
0-1: Swinging Strike
0-2: SINGLE (Flyball, 8RS)
Batting: RHB Enzo Díaz 0-0: Ball
1-0: Called Strike
1-1: Ball
2-1: Swinging Strike
2-2: Ball
3-2: Base on Balls
Felipe Rodríguez to second
Pitching: RHP Alfonso Martínez
Batting: LHB Brock Larsen 0-0: Ball
1-0: Fly out, F7 (Flyball, 7S)
Bottom of the 6th over - 0 run(s), 1 hit(s), 0 error(s), 2 left on base; San Francisco 2 - Greenville 6
TOP OF THE 7TH
San Francisco Bandits batting - Pitching for Greenville 84s : RHP Tomás González
Batting: RHB Michael Elliott 0-0: Ball
1-0: Ball
2-0: Fly out, F5 (Popup, 5S)
Batting: RHB Ramón Ruíz 0-0: Ball
1-0: Foul Ball, location: 2F
1-1: SINGLE (Groundball, 34D)
Batting: RHB Gustavo Ortíz 0-0: Ball
1-0: Ball
2-0: Foul Ball, location: 2F
2-1: Ball
3-1: Foul Ball, location: 2F
3-2: Fielders Choice at 2nd, 6-4 (Groundball, 6)
Batting: RHB Scott Merritt 0-0: Ball
1-0: Called Strike
1-1: Foul Ball, location: 2F
1-2: Foul Ball, location: 2F
1-2: Ground out 5-3 (Groundball, 56S)
Top of the 7th over - 0 run(s), 1 hit(s), 0 error(s), 1 left on base; San Francisco 2 - Greenville 6
BOTTOM OF THE 7TH
Greenville 84s batting - Pitching for San Francisco Bandits : RHP Alfonso Martínez
Batting: LHB Paco Rosas 0-0: Ball
1-0: Foul Ball, location: 2F
1-1: Ground out 3-1 (Groundball, 34)
Batting: LHB Jimmy Vickers 0-0: Called Strike
0-1: DOUBLE (Groundball, 5L)
Batting: RHB Vic Langlois 0-0: Foul Ball, location: 2F
0-1: TRIPLE (Flyball, 9LM)
Jimmy Vickers scores
Batting: LHB Robert Moore 0-0: Fly out, F4 (Popup, 34)
Batting: RHB Dan Hooper 0-0: Ball
1-0: Ball
2-0: Foul Ball, location: 2F
2-1: Ground out 4-3 (Groundball, 4)
Bottom of the 7th over - 1 run(s), 2 hit(s), 0 error(s), 1 left on base; San Francisco 2 - Greenville 7
TOP OF THE 8TH
San Francisco Bandits batting - Pitching for Greenville 84s : RHP Tomás González
Pitching: RHP Paco Ruíz
Batting: RHB José Hernández 0-0: Ball
1-0: Ball
2-0: Called Strike
2-1: Called Strike
2-2: Strikes out swinging
Batting: RHB Raúl Bruno 0-0: Ground out 6-3 (Groundball, 6)
Batting: RHB Cory Foster 0-0: Called Strike
0-1: Foul Ball, location: 2F
0-2: Ball
1-2: Ball
2-2: Ground out 1-3 (Groundball, 15S)
Top of the 8th over - 0 run(s), 0 hit(s), 0 error(s), 0 left on base; San Francisco 2 - Greenville 7
BOTTOM OF THE 8TH
Greenville 84s batting - Pitching for San Francisco Bandits : RHP Alfonso Martínez
Batting: RHB Felipe Rego 0-0: Ball
1-0: Ground out 6-3 (Groundball, 6M)
Batting: RHB Felipe Rodríguez 0-0: Ball
1-0: Called Strike
1-1: Fly out, F9 (Flyball, 9S)
Batting: RHB Enzo Díaz 0-0: Ground out 4-3 (Groundball, 4S)
Bottom of the 8th over - 0 run(s), 0 hit(s), 0 error(s), 0 left on base; San Francisco 2 - Greenville 7
TOP OF THE 9TH
San Francisco Bandits batting - Pitching for Greenville 84s : RHP Paco Ruíz
Pitching: LHP Francisco Ríos
Batting: RHB Owen Carter 0-0: Called Strike
0-1: Ball
1-1: Fly out, F9 (Flyball, 9S)
Batting: LHB Alberto Gómez 0-0: Called Strike
0-1: Ball
1-1: Foul Ball, location: 2F
1-2: Strikes out looking
Batting: RHB Michael Elliott 0-0: Called Strike
0-1: Called Strike
0-2: Strikes out looking
Top of the 9th over - 0 run(s), 0 hit(s), 0 error(s), 0 left on base; San Francisco 2 - Greenville 7
Tuesday, August 8th, 2017 - OOTP Baseball 17.12 Build 75